| TOP OF THE 1ST |
|
Boston (APP) Red Sox batting - Pitching for Burlington Royals : LHP Melvin Ontiveros
|
|
Pitching: LHP Melvin Ontiveros
|
|
|
Batting: RHB Joe Booth
|
0-0: Swinging Strike 0-1: Ball 1-1: Ball 2-1: Ball 3-1: Fly out, F6 (Line Drive, 6, EV 70.6 MPH)
|
|
Batting: RHB Kirk Cully
|
0-0: Called Strike 0-1: Ball 1-1: Ball 2-1: Ground out 6-3 (Groundball, 6, EV 106.2 MPH)
|
|
Batting: RHB Josh Smith
|
0-0: Ball 1-0: Ground out U3 (Groundball, 34, EV 78.1 MPH)
|
| Top of the 1st over - 0 runs, 0 hits, 0 errors, 0 left on base; Boston (APP) 0 - Burlington 0 |
| BOTTOM OF THE 1ST |
|
Burlington Royals batting - Pitching for Boston (APP) Red Sox : RHP Emile Pirandello
|
|
Pitching: RHP Emile Pirandello
|
|
|
Batting: RHB Shura Mogilny
|
0-0: Ground out 5-3 (Groundball, 5L, EV 77.5 MPH)
|
|
Batting: RHB David Rubio
|
0-0: Called Strike 0-1: Swinging Strike 0-2: Ball 1-2: Foul Ball, location: 2F 1-2: Ground out 5-3 (Groundball, 56S, EV 91.2 MPH)
|
|
Batting: RHB Hugo Chavez
|
0-0: Ground out 6-3 (Groundball, 6, EV 88.1 MPH)
|
| Bottom of the 1st over - 0 runs, 0 hits, 0 errors, 0 left on base; Boston (APP) 0 - Burlington 0 |
| TOP OF THE 2ND |
|
Boston (APP) Red Sox batting - Pitching for Burlington Royals : LHP Melvin Ontiveros
|
|
Batting: RHB Bakhtiar Asadov
|
0-0: Called Strike 0-1: Ball 1-1: Ball 2-1: Ball 3-1: Base on Balls
|
|
Batting: RHB Felix Rangel
|
0-0: Called Strike 0-1: Swinging Strike 0-2: Ball 1-2: Fielders Choice at 2nd, 5-4 (Groundball, 5, EV 78.1 MPH)
|
|
Batting: RHB Eric Kent
|
0-0: Ball 1-0: Called Strike 1-1: Swinging Strike 1-2: SINGLE (Flyball, 8RS, EV 91.2 MPH) Felix Rangel to second Runner from 2nd tries for 3rd, SAFE, throw by CF made to third
|
|
Pitching: RHP Obiniana Gaters
|
|
|
Batting: SHB Matsudaira Ikeda
|
0-0: Called Strike 0-1: Ball 1-1: Ball 2-1: Ball 3-1: Fielders Choice at 2nd, U6 (Groundball, 4M, EV 85.0 MPH) Felix Rangel scores
|
|
Batting: RHB Luis Nino
|
0-0: Ball Matsudaira Ikeda steals 2nd base 1-0: Ball 2-0: Called Strike 2-1: Reached on error, E6 (Groundball, 6, EV 105.0 MPH) Matsudaira Ikeda scores
|
|
Batting: RHB Estevan Carrillo
|
0-0: Called Strike 0-1: Foul Ball, location: 2F 0-2: SINGLE (Groundball, 56D, EV 83.1 MPH) (infield hit) Luis Nino to third
|
|
Batting: RHB Joe Booth
|
0-0: SINGLE (Groundball, 34D, EV 109.4 MPH) Luis Nino scores Estevan Carrillo to second Runner from 2nd tries for 3rd, SAFE, no throw by RF
|
|
Batting: RHB Kirk Cully
|
0-0: Called Strike 0-1: Ball 1-1: Ball 2-1: Ball 3-1: Called Strike 3-2: Strikes out swinging
|
| Top of the 2nd over - 3 runs, 3 hits, 1 error, 2 left on base; Boston (APP) 3 - Burlington 0 |
| BOTTOM OF THE 2ND |
|
Burlington Royals batting - Pitching for Boston (APP) Red Sox : RHP Emile Pirandello
|
|
Batting: SHB Alex Cavazos
|
0-0: Ball 1-0: Reached on error, E4 (Groundball, 4, EV 105.0 MPH)
|
|
Batting: RHB Tim Williams
|
0-0: Ball 1-0: Ball 2-0: Foul Ball, location: 2F 2-1: SINGLE (Line Drive, 34D, EV 94.4 MPH) Alex Cavazos to third
|
|
Batting: LHB Jayden Pelayo
|
0-0: Ball 1-0: Fielders Choice at 2nd, 3-6 (Groundball, 3, EV 106.2 MPH) Alex Cavazos scores
|
|
Batting: RHB Masakuni Takeuchi
|
0-0: Swinging Strike 0-1: Called Strike 0-2: Foul Ball, location: 2F 0-2: Ball 1-2: Ball 2-2: Fly out, F4 (Line Drive, 4M, EV 76.2 MPH)
|
|
Batting: RHB Jason Conner
|
0-0: Ball 1-0: Called Strike 1-1: Ball 2-1: Fly out, F9 (Flyball, 9, EV 95.6 MPH)
|
| Bottom of the 2nd over - 1 run, 1 hit, 1 error, 1 left on base; Boston (APP) 3 - Burlington 1 |
| TOP OF THE 3RD |
|
Boston (APP) Red Sox batting - Pitching for Burlington Royals : RHP Obiniana Gaters
|
|
Batting: RHB Josh Smith
|
0-0: Ball 1-0: Ground out 6-3 (Groundball, 6S, EV 74.4 MPH)
|
|
Batting: RHB Bakhtiar Asadov
|
0-0: Ball 1-0: Fly out, F8 (Flyball, 8LM, EV 96.2 MPH)
|
|
Batting: RHB Felix Rangel
|
0-0: Ball 1-0: SINGLE (Groundball, 5, EV 98.1 MPH)
|
|
Batting: RHB Eric Kent
|
0-0: Ball Felix Rangel steals 2nd, throwing error, E2 Felix Rangel to third 1-0: Swinging Strike 1-1: Hit by Pitch
|
|
Batting: SHB Matsudaira Ikeda
|
0-0: Ball 1-0: Called Strike 1-1: Ball 2-1: Fly out, F9 (Flyball, 9, EV 90.6 MPH)
|
| Top of the 3rd over - 0 runs, 1 hit, 1 error, 2 left on base; Boston (APP) 3 - Burlington 1 |
| BOTTOM OF THE 3RD |
|
Burlington Royals batting - Pitching for Boston (APP) Red Sox : RHP Emile Pirandello
|
|
Batting: RHB Dermott Ayliffe
|
0-0: Called Strike 0-1: SOLO HOME RUN (Flyball, 7D, EV 98.1 MPH), Distance : 364 ft
|
|
Batting: RHB Shura Mogilny
|
0-0: Foul Ball, location: 2F 0-1: Ball 1-1: Foul Ball, location: 2F 1-2: Strikes out looking
|
|
Batting: RHB David Rubio
|
0-0: DOUBLE (Line Drive, 7LM, EV 105.6 MPH)
|
|
Batting: RHB Hugo Chavez
|
0-0: Ball 1-0: Called Strike 1-1: SINGLE (Groundball, 5S, EV 75.0 MPH) (infield hit) David Rubio to third
|
|
Batting: SHB Alex Cavazos
|
0-0: Ball 1-0: Ball 2-0: Swinging Strike 2-1: Fly out, F4 (Popup, 23, EV 84.4 MPH)
|
|
Batting: RHB Tim Williams
|
0-0: Called Strike 0-1: Swinging Strike 0-2: Fly out, F3 (Popup, 34, EV 61.2 MPH)
|
| Bottom of the 3rd over - 1 run, 3 hits, 0 errors, 2 left on base; Boston (APP) 3 - Burlington 2 |
| TOP OF THE 4TH |
|
Boston (APP) Red Sox batting - Pitching for Burlington Royals : RHP Obiniana Gaters
|
|
Batting: RHB Luis Nino
|
0-0: Swinging Strike 0-1: DOUBLE (Flyball, 89D, EV 111.2 MPH)
|
|
Batting: RHB Estevan Carrillo
|
0-0: Ball 1-0: Ball 2-0: Ball 3-0: Called Strike 3-1: Ground out 4-3 (Groundball, 4M, EV 103.8 MPH) Luis Nino to third
|
|
Batting: RHB Joe Booth
|
0-0: Foul Ball, location: 2F 0-1: Called Strike 0-2: 2-RUN HOME RUN (Line Drive, 7D, EV 100.0 MPH), Distance : 383 ft
|
|
Batting: RHB Kirk Cully
|
0-0: Ball 1-0: Foul Ball, location: 2F 1-1: Ball 2-1: Called Strike 2-2: Strikes out swinging
|
|
Batting: RHB Josh Smith
|
0-0: Ball 1-0: Ball 2-0: Called Strike 2-1: Ball 3-1: Base on Balls
|
|
Pitching: RHP Itsuki Eguchi
|
|
|
Batting: RHB Bakhtiar Asadov
|
0-0: Ball 1-0: Foul Ball, location: 2F 1-1: Foul Ball, location: 2F 1-2: DOUBLE (Line Drive, 78D, EV 103.1 MPH) Josh Smith to third
|
|
Batting: RHB Felix Rangel
|
0-0: Foul Ball, location: 2F 0-1: Fly out, F7 (Flyball, 78M, EV 83.8 MPH)
|
| Top of the 4th over - 2 runs, 3 hits, 0 errors, 2 left on base; Boston (APP) 5 - Burlington 2 |
| BOTTOM OF THE 4TH |
|
Burlington Royals batting - Pitching for Boston (APP) Red Sox : RHP Emile Pirandello
|
|
Batting: LHB Jayden Pelayo
|
0-0: Ball 1-0: Ball 2-0: Called Strike 2-1: Called Strike 2-2: Foul Ball, location: 2F 2-2: Ground out 4-3 (Groundball, 4, EV 79.4 MPH)
|
|
Batting: RHB Masakuni Takeuchi
|
0-0: Called Strike 0-1: SOLO HOME RUN (Flyball, 78XD, EV 101.9 MPH), Distance : 403 ft
|
|
Batting: RHB Jason Conner
|
0-0: Foul Ball, location: 2F 0-1: Swinging Strike 0-2: Strikes out swinging
|
|
Batting: RHB Dermott Ayliffe
|
0-0: SINGLE (Groundball, 4MD, EV 101.9 MPH)
|
|
Batting: RHB Shura Mogilny
|
0-0: Ball 1-0: Ball 2-0: Called Strike 2-1: Foul Ball, location: 2F 2-2: Foul Ball, location: 2F 2-2: Foul Ball, location: 2F 2-2: Strikes out swinging
|
| Bottom of the 4th over - 1 run, 2 hits, 0 errors, 1 left on base; Boston (APP) 5 - Burlington 3 |
| TOP OF THE 5TH |
|
Boston (APP) Red Sox batting - Pitching for Burlington Royals : RHP Itsuki Eguchi
|
|
Batting: RHB Eric Kent
|
0-0: Ball 1-0: Swinging Strike 1-1: Fly out, F7 (Flyball, 78D, EV 88.8 MPH)
|
|
Batting: SHB Matsudaira Ikeda
|
0-0: Ball 1-0: Ball 2-0: Ball 3-0: Called Strike 3-1: Ground out 4-3 (Groundball, 4MD, EV 79.4 MPH)
|
|
Batting: RHB Luis Nino
|
0-0: Swinging Strike 0-1: Fly out, F9 (Flyball, 89M, EV 81.2 MPH)
|
| Top of the 5th over - 0 runs, 0 hits, 0 errors, 0 left on base; Boston (APP) 5 - Burlington 3 |
| BOTTOM OF THE 5TH |
|
Burlington Royals batting - Pitching for Boston (APP) Red Sox : RHP Emile Pirandello
|
|
Batting: RHB David Rubio
|
0-0: Ball 1-0: Ground out 6-3 (Groundball, 56, EV 103.8 MPH)
|
|
Batting: RHB Hugo Chavez
|
0-0: Ball 1-0: Fly out, F8 (Flyball, 8RXD, EV 84.4 MPH)
|
|
Batting: SHB Alex Cavazos
|
0-0: Foul Ball, location: 2F 0-1: Foul Ball, location: 2F 0-2: Strikes out swinging
|
| Bottom of the 5th over - 0 runs, 0 hits, 0 errors, 0 left on base; Boston (APP) 5 - Burlington 3 |
| TOP OF THE 6TH |
|
Boston (APP) Red Sox batting - Pitching for Burlington Royals : RHP Itsuki Eguchi
|
|
Batting: RHB Estevan Carrillo
|
0-0: Called Strike 0-1: Ball 1-1: Swinging Strike 1-2: Strikes out swinging
|
|
Batting: RHB Joe Booth
|
0-0: Ball 1-0: SINGLE (Line Drive, 4M, EV 109.4 MPH)
|
|
Batting: LHB Stanislav Parusov
|
0-0: Ball Joe Booth steals 2nd, throwing error, E2 Joe Booth to third 1-0: Ball 2-0: Ball 3-0: Called Strike 3-1: Ground out 4-3 (Groundball, 4, EV 81.2 MPH) Joe Booth scores
|
|
Batting: RHB Josh Smith
|
0-0: Ball 1-0: Foul Ball, location: 2F 1-1: Foul Ball, location: 2F 1-2: Ground out 6-3 (Groundball, 6, EV 83.1 MPH)
|
| Top of the 6th over - 1 run, 1 hit, 1 error, 0 left on base; Boston (APP) 6 - Burlington 3 |
| BOTTOM OF THE 6TH |
|
Burlington Royals batting - Pitching for Boston (APP) Red Sox : RHP Emile Pirandello
|
|
Batting: RHB Tim Williams
|
0-0: Called Strike 0-1: Swinging Strike 0-2: Ball 1-2: Foul Ball, location: 2F 1-2: Foul Ball, location: 2F 1-2: Strikes out swinging
|
|
Batting: LHB Jayden Pelayo
|
0-0: Ball 1-0: Swinging Strike 1-1: Ground out 4-3 (Groundball, 34D, EV 105.0 MPH)
|
|
Batting: RHB Masakuni Takeuchi
|
0-0: Ball 1-0: Called Strike 1-1: Ball 2-1: Foul Ball, location: 2F 2-2: Strikes out looking
|
| Bottom of the 6th over - 0 runs, 0 hits, 0 errors, 0 left on base; Boston (APP) 6 - Burlington 3 |
| TOP OF THE 7TH |
|
Boston (APP) Red Sox batting - Pitching for Burlington Royals : RHP Itsuki Eguchi
|
|
Batting: RHB Bakhtiar Asadov
|
0-0: Ball 1-0: Called Strike 1-1: SINGLE (Groundball, 6D, EV 94.4 MPH)
|
|
Batting: RHB Felix Rangel
|
0-0: Foul Ball, location: 2F 0-1: DOUBLE (Groundball, 5L, EV 97.5 MPH) Bakhtiar Asadov to third
|
|
Pitching: RHP Jordan Viveros
|
|
|
Batting: RHB Eric Kent
|
0-0: Ball 1-0: Ball 2-0: Fly out, F8 (Flyball, 8RD, EV 101.9 MPH) Runner from 3rd tags up, SCORES, throw by CF Felix Rangel to third
|
|
Batting: SHB Matsudaira Ikeda
|
0-0: Foul Ball, location: 2F 0-1: Ball 1-1: Swinging Strike 1-2: Strikes out swinging
|
|
Batting: RHB Luis Nino
|
0-0: Ball 1-0: Foul Ball, location: 2F 1-1: Ball 2-1: Foul Ball, location: 2F 2-2: Ground out 5-3 (Groundball, 56S, EV 86.2 MPH)
|
| Top of the 7th over - 1 run, 2 hits, 0 errors, 1 left on base; Boston (APP) 7 - Burlington 3 |
| BOTTOM OF THE 7TH |
|
Burlington Royals batting - Pitching for Boston (APP) Red Sox : RHP Emile Pirandello
|
|
Pitching: LHP Jessie Leslie
|
|
|
Batting: RHB Jason Conner
|
0-0: SINGLE (Groundball, 6MD, EV 103.1 MPH)
|
|
Batting: RHB Dermott Ayliffe
|
0-0: Called Strike 0-1: Called Strike 0-2: SINGLE (Groundball, 4D, EV 101.9 MPH) Jason Conner to second
|
|
Batting: RHB Shura Mogilny
|
0-0: Called Strike 0-1: Fielders Choice at 2nd, 6-4 (Groundball, 6, EV 101.2 MPH) Jason Conner to third
|
|
Batting: RHB David Rubio
|
0-0: Ball 1-0: Ball 2-0: Foul Ball, location: 2F 2-1: Fly out, F8 (Flyball, 8LM, EV 86.2 MPH)
|
|
Batting: RHB Hugo Chavez
|
0-0: DOUBLE (Line Drive, 78M, EV 103.8 MPH) Jason Conner scores Shura Mogilny to third Runner from 3rd tries for Home, throw by LF and OUT! 7-6-2
|
| Bottom of the 7th over - 1 run, 3 hits, 0 errors, 1 left on base; Boston (APP) 7 - Burlington 4 |
| TOP OF THE 8TH |
|
Boston (APP) Red Sox batting - Pitching for Burlington Royals : RHP Jordan Viveros
|
|
Pinch Hitting: SHB Arihito Hiramoto
|
0-0: Foul Ball, location: 2F 0-1: Foul Ball, location: 2F 0-2: Ball 1-2: Ball 2-2: Ball 3-2: Foul Ball, location: 2F 3-2: Strikes out swinging
|
|
Batting: RHB Joe Booth
|
0-0: Ball 1-0: Ball 2-0: Foul Ball, location: 2F 2-1: Ball 3-1: Foul Ball, location: 2F 3-2: SINGLE (Groundball, 56S, EV 73.1 MPH) (infield hit)
|
|
Pitching: RHP Joey Ferguson
|
|
|
Batting: LHB Stanislav Parusov
|
0-0: Ball 1-0: Foul Ball, location: 2F 1-1: Ball 2-1: Foul Ball, location: 2F 2-2: Strikes out swinging
|
|
Batting: RHB Josh Smith
|
0-0: Ball Wild Pitch! Joe Booth to second 1-0: Ground out 6-3 (Groundball, 6, EV 85.0 MPH)
|
| Top of the 8th over - 0 runs, 1 hit, 0 errors, 1 left on base; Boston (APP) 7 - Burlington 4 |
| BOTTOM OF THE 8TH |
|
Burlington Royals batting - Pitching for Boston (APP) Red Sox : LHP Jessie Leslie
|
|
Now at 1B: Kien-lung Zou
|
|
|
Batting: SHB Alex Cavazos
|
0-0: Called Strike 0-1: Ball 1-1: Ball 2-1: Ball 3-1: Foul Ball, location: 2F 3-2: Foul Ball, location: 2F 3-2: Base on Balls
|
|
Batting: RHB Tim Williams
|
0-0: Ball 1-0: Ground out 6-3 (Groundball, 6MS, EV 66.2 MPH) Alex Cavazos to second
|
|
Batting: LHB Jayden Pelayo
|
0-0: Ball 1-0: Ground out U3 (Groundball, 23, EV 86.9 MPH) Alex Cavazos to third
|
|
Batting: RHB Masakuni Takeuchi
|
0-0: Called Strike 0-1: Ball 1-1: Swinging Strike 1-2: Fly out, F6 (Line Drive, 6, EV 65.0 MPH)
|
| Bottom of the 8th over - 0 runs, 0 hits, 0 errors, 1 left on base; Boston (APP) 7 - Burlington 4 |
| TOP OF THE 9TH |
|
Boston (APP) Red Sox batting - Pitching for Burlington Royals : RHP Joey Ferguson
|
|
Batting: RHB Bakhtiar Asadov
|
0-0: Ground out 5-3 (Groundball, 56, EV 107.5 MPH)
|
|
Batting: RHB Felix Rangel
|
0-0: Ball 1-0: Ball 2-0: Foul Ball, location: 2F 2-1: Called Strike 2-2: Strikes out swinging
|
|
Batting: RHB Eric Kent
|
0-0: Swinging Strike 0-1: Ball 1-1: Swinging Strike 1-2: Foul Ball, location: 2F 1-2: Foul Ball, location: 2F 1-2: DOUBLE (Line Drive, 9LS, EV 100.6 MPH)
|
|
Batting: SHB Matsudaira Ikeda
|
0-0: Ball 1-0: Foul Ball, location: 2F 1-1: Foul Ball, location: 2F 1-2: Strikes out swinging
|
| Top of the 9th over - 0 runs, 1 hit, 0 errors, 1 left on base; Boston (APP) 7 - Burlington 4 |
| BOTTOM OF THE 9TH |
|
Burlington Royals batting - Pitching for Boston (APP) Red Sox : LHP Jessie Leslie
|
|
Pitching: RHP Cedric Tyler
|
|
|
Batting: RHB Jason Conner
|
0-0: Ball 1-0: Foul Ball, location: 2F 1-1: Fly out, F5 (Line Drive, 5L, EV 63.1 MPH)
|
|
Batting: RHB Dermott Ayliffe
|
0-0: Ball 1-0: Ground out 4-3 (Groundball, 4, EV 86.9 MPH)
|
|
Batting: RHB Shura Mogilny
|
0-0: Foul Ball, location: 2F 0-1: Ball 1-1: Called Strike 1-2: Ball 2-2: Ground out 4-3 (Groundball, 4, EV 86.2 MPH)
|
| Bottom of the 9th over - 0 runs, 0 hits, 0 errors, 0 left on base; Boston (APP) 7 - Burlington 4 |
|